 Dungeon Crawl Stone Soup version 0.31-a0-521-gc7390f8997 (webtiles) character file.

Game seed: 2135850082415551779

20031 Ofeo the Peltast (level 13, -1/106 HPs)
             Began as a Formicid Hunter on Aug 10, 2023.
             Was an Elder of Dithmenos.
             Slain by a culicivora (19 damage)
             ... on level 2 of the Lair of Beasts.
             The game lasted 00:24:54 (16617 turns).

Ofeo the Peltast (Formicid Hunter)                 Turns: 16617, Time: 00:24:54

Health: -1/106     AC:  9    Str: 19    XL:     13   Next: 9%
Magic:  30/30      EV: 12    Int:  9    God:    Dithmenos [****..]
Gold:   356        SH: 13    Dex: 25    Spells: 12/12 levels left

rFire   . . .        a - +1 shortbow
rCold   . . .        h - +0 buckler
rNeg    . . .        p - +3 ring mail
rPois   +            (helmet unavailable)
rElec   +            (no cloak)
rCorr   .            (no gloves)
SInv    +            g - +0 pair of boots
Will    +....        e - amulet of regeneration
Stlth   ++++         u - +4 ring of slaying
HPRegen 1.17/turn    m - ring "Axesteg" {rElec rPois MP+9 Str+4 Stlth+}
MPRegen 0.22/turn

%: no passive effects
@: wreathed by umbra, studying Shields
A: permanent stasis, dig shafts and tunnels, antennae 3, four strong arms, large
bone plates 1, agile 1
a: Dig, Shaft Self, Renounce Religion, Shadow Step


You were on level 2 of the Lair of Beasts.
You worshipped Dithmenos.
Dithmenos was greatly pleased with you.
You visited 2 branches of the dungeon, and saw 14 of its levels.

You collected 617 gold pieces.
You spent 261 gold pieces at shops.

Inventory:

Hand Weapons
 a - a +1 shortbow (weapon)
Missiles
 B - 4 throwing nets
Armour
 b - +0 acid dragon scales
 g - a +0 pair of boots (worn)
 h - a +0 buckler (worn)
 k - a +1 leather armour of fire resistance
 p - a +3 ring mail (worn)
Jewellery
 e - an amulet of regeneration (around neck)
 m - the ring "Axesteg" (right hand) {rElec rPois MP+9 Str+4 Stlth+}
   (You acquired it on level 10 of the Dungeon)

   [ring of magical power]

   Str+4:     It affects your strength (+4).
   rElec:     It insulates you from electricity.
   rPois:     It protects you from poison MP+9: It affects your magic capacity
   (+9).
   Stlth+:    It makes you more stealthy.
 r - a ring of flight
 u - a +4 ring of slaying (left hand)
 v - a +6 ring of dexterity
 w - a ring of fire
 x - a ring of protection from fire
 y - a ring of protection from fire
 A - a ring of protection from cold
Wands
 l - a wand of mindburst (7)
 n - a wand of flame (54)
Scrolls
 c - 2 scrolls of immolation
 i - a scroll of identify {@r1}
 j - 2 scrolls of revelation
 o - a scroll of brand weapon
 z - 2 scrolls of poison
Potions
 f - a potion of brilliance
 q - 5 potions of curing {@q1}
 s - 2 potions of cancellation
 t - a potion of mutation


   Skills:
 + Level 11.0 Fighting
 - Level 14.0 Ranged Weapons
 - Level 2.0 Dodging
 - Level 1.6 Stealth
 + Level 15.9 Shields
 + Level 10.7 Invocations


You had 12 spell levels left.
You didn't know any spells.
Your spell library contained the following spells:

 Spells                   Type           Power      Damage    Failure   Level
 Kiss of Death            Conj/Necr      0%         2d5       63%         1
 Magic Dart               Conj           0%         1d3       63%         1
 Ensorcelled Hibernation  Hex/Ice        0%         N/A       77%         2
 Searing Ray              Conj           0%         2d4       77%         2
 Confusing Touch          Hex            0%         N/A       94%         3
 Anguish                  Hex/Necr       0%         N/A       100%        4
 Dispel Undead            Necr           0%         3d6       100%        4
 Fulminant Prism          Conj/Hex       0%         3d5       100%        4
 Arcjolt                  Conj/Air       0%         1d10      100%        5
 Plasma Beam              Fire/Air       0%         2x1d10    100%        6
 Vhi's Electric Charge    Tloc/Air       Unusable   N/A       N/A         3

Dungeon Overview and Level Annotations

Branches:
Dungeon (11/15)            Temple (0/1) D:6            Lair (3/5) D:9
  Swamp: Lair:2-3    Shoals: Lair:2-3     Snake: Lair:2-3    Spider: Lair:2-3
    Orc: D:9-12

Altars:
Ashenzari
Dithmenos
Elyvilon
Fedhas
Gozag
Kikubaaqudgha
Qazlal
Trog
Wu Jian
Xom

Shops:
D:6 *   D:10 *

Annotations:
D:3 3 runed translucent doors, avis's ghost, amateur FeSh
D:10 2 runed translucent doors, Snorg


Innate Abilities, Weirdness & Mutations

You cannot be hasted, slowed, berserked, paralysed or teleported.
You can dig through walls and to a lower floor.
You have a pair of large antennae on your head. (SInv)
Your four strong arms can wield two-handed weapons with a shield.
You are partially covered in large bone plates. (SH +4)
You are agile. (Dex +4, Str/Int -1)


Message History

The culicivora draws strength from your injuries!
The yak closely misses you. The culicivora closely misses you.
You take 17 damage, and have 75/106 hp.
You shoot an arrow. The arrow hits the yak.
The yak is heavily wounded.
You block the yak's attack. You block the culicivora's attack.
You shoot an arrow.
The arrow hits the yak but does no damage.
The yak is heavily wounded.
The culicivora completely misses you. You block the yak's attack.
MP restored: 30 You shoot an arrow.
The arrow hits the yak.
The yak is heavily wounded.
The culicivora bites you!
The culicivora draws strength from your injuries!
The yak gores you!
You take 28 damage, and have 48/106 hp.
MASSIVE DAMAGE!!
You shoot an arrow. The arrow hits the yak.
The yak is heavily wounded.
The culicivora bites you!!
* * * LOW HITPOINT WARNING * * *
The culicivora draws strength from your injuries!
You take 20 damage, and have 28/106 hp.
You shoot an arrow. The arrow hits the yak!
The yak is almost dead.
Your shadow shoots an arrow.
The arrow hits the yak.
You block the culicivora's attack. The yak barely misses you.
The culicivora bites you!!
* * * LOW HITPOINT WARNING * * *
The culicivora draws strength from your injuries!
You take 19 damage, and have 9/106 hp.
Okay, then.
You feel better. The yak gores you!
* * * LOW HITPOINT WARNING * * *
You block the culicivora's attack.
You take 1 damage, and have 8/106 hp.
You feel better.
The culicivora bites you but does no damage.
The yak closely misses you. The culicivora bites you!!
You die...

.## #...####...........## #...#
#####...## ##..........## #..##
.........# #...........# #...#
........#####..........P#####..##
..#.#...##.##..................##
######...........................
.# ###...........................
####.#....P.####sY#####.....#....
..###....#### #@†.# #...#######
........P# ##..P# ##..#
..[.....## #...## #..##
.........### #....### #...## ##
........##.####...#..###..#.####.
.................................
.................................
........#.#...#.......##P...###.#
........###....####...###...# ###


You could see a culicivora and a yak.

Vanquished Creatures
  Gastronok (Lair:2)
  Harold (Lair:2)
  2 two-headed ogres
  A boulder beetle (D:11)
  A skyshark (Lair:2)
  Nergalle (Lair:1)
  A skeletal warrior (D:10)
  4 elephants (Lair:2)
  2 black mambas
  2 cane toads
  Maggie (D:6)
  A rime drake (Lair:1)
  2 komodo dragons (Lair:1)
  A troll (D:11)
  4 blink frogs (Lair:2)
  2 culicivoras
  A shadow (D:11)
  2 wyverns (Lair:1)
  Eustachio (D:5)
  20 yaks
  2 basilisks (Lair:2)
  Grum (D:10)
  2 wargs (D:9)
  7 water moccasins
  A sky beast (D:7)
  3 black bears
  An ice beast (D:7)
  2 ogres (D:4)
  5 orc warriors
  11 wolves
  A centaur (D:9)
  A phantom (D:6)
  2 kobold brigands
  9 bullfrogs
  3 gnoll sergeants
  3 scorpions
  10 wights
  10 killer bees
  5 howler monkeys
  3 hounds
  9 orc priests
  2 sleepcaps (D:7)
  3 iguanas
  11 orc wizards
  11 gnolls
  2 adders (D:2)
  3 white imps
  2 ufetubi
  A worm (D:3)
  3 dart slugs
  45 orcs
  5 bats
  6 endoplasms
  3 giant cockroaches
  5 goblins
  8 hobgoblins
  10 jackals
  13 kobolds
  5 quokkas
  12 ball pythons
  3 rats (D:1)
295 creatures vanquished.

Vanquished Creatures (others)
  A water elemental (D:10)
1 creature vanquished.

Grand Total: 296 creatures vanquished

Notes
Turn   | Place    | Note
-------+----------+-------------------------------------------
     0 | D:1      | Ofeo the Formicid Hunter began the quest for the Orb.
     0 | D:1      | Reached XP level 1. HP: 16/16 MP: 1/1
   261 | D:1      | Reached XP level 2. HP: 23/23 MP: 2/2
   890 | D:2      | Reached XP level 3. HP: 27/28 MP: 3/3
  1080 | D:2      | Reached XP level 4. HP: 35/35 MP: 4/4
  1095 | D:2      | Found a shimmering altar of Xom.
  1578 | D:3      | Found a runed translucent gate.
  1578 | D:3      | Found a runed translucent gate.
  1578 | D:3      | Found a runed translucent gate.
  1579 | D:3      | Found an opulent altar of Gozag.
  1641 | D:3      | Reached XP level 5. HP: 42/42 MP: 5/5
  1645 | D:3      | Reached skill level 5 in Ranged Weapons
  1653 | D:3      | Identified the +2 leather armour "Gusoany" {rF- rCorr
                  | Int+3}
  1709 | D:3      | Identified a scroll of acquirement
  2166 | D:3      | Noticed avis's ghost (amateur FeSh)
  2588 | D:4      | Noticed an ogre
  2598 | D:4      | Killed an ogre
  2599 | D:4      | Reached XP level 6. HP: 36/49 MP: 6/6
  2904 | D:4      | Found a shadowy altar of Dithmenos.
  3224 | D:4      | Noticed an ogre
  3252 | D:4      | Killed an ogre
  3253 | D:4      | Reached XP level 7. HP: 38/55 MP: 7/7
  3439 | D:4      | Became a worshipper of Dithmenos the Shadowed
  3449 | D:5      | Entered Level 5 of the Dungeon
  3832 | D:5      | Found an ornate altar of the Wu Jian Council.
  4227 | D:5      | Noticed Eustachio
  4239 | D:5      | Killed Eustachio
  4240 | D:5      | Reached XP level 8. HP: 54/61 MP: 8/8
  4479 | D:6      | Found Giheynenk's Assorted Antiques.
  4488 | D:6      | Bought a scroll labelled SOANWAKOEV for 28 gold pieces
  4488 | D:6      | Bought a scroll labelled GYOQAU BUKHLE for 28 gold pieces
  4488 | D:6      | Bought a diamond ring for 140 gold pieces
  4537 | D:6      | Found an opulent altar of Gozag.
  4575 | D:6      | Noticed a yak
  4575 | D:6      | Noticed a yak
  4575 | D:6      | Noticed a yak
  4711 | D:6      | Noticed a yak
  4715 | D:6      | Killed a yak
  4727 | D:5      | Killed a yak
  4728 | D:5      | Reached skill level 10 in Ranged Weapons
  4852 | D:6      | Killed a yak
  4853 | D:6      | Reached XP level 9. HP: 66/66 MP: 9/9
  4983 | D:6      | Found a staircase to the Ecumenical Temple.
  5016 | D:6      | Noticed Maggie
  5030 | D:6      | Acquired a manual of Shields
  5045 | D:6      | Killed Maggie
  5508 | D:7      | Reached * piety under Dithmenos
  6341 | D:7      | Reached XP level 10. HP: 73/73 MP: 10/10
  6626 | D:7      | Found a blossoming altar of Fedhas.
  6626 | D:7      | Found a stormy altar of Qazlal.
  7090 | D:8      | Found a broken altar of Ashenzari.
  7349 | D:7      | Reached ** piety under Dithmenos
  7405 | D:8      | Found an ancient bone altar of Kikubaaqudgha.
  7727 | D:8      | Reached skill level 1 in Invocations
  7742 | D:8      | Reached skill level 1 in Shields
  7837 | D:9      | Reached skill level 2 in Shields
  7968 | D:9      | Reached skill level 5 in Fighting
  7968 | D:9      | Reached skill level 3 in Shields
  8002 | D:9      | Reached skill level 4 in Shields
  8335 | D:9      | Reached skill level 5 in Shields
  8465 | D:9      | Found a staircase to the Lair.
  8528 | D:9      | Found a white marble altar of Elyvilon.
  8798 | D:9      | Found a bloodstained altar of Trog.
  8880 | D:9      | Reached skill level 6 in Shields
  8930 | D:10     | Entered Level 10 of the Dungeon
  8955 | D:9      | Reached XP level 11. HP: 64/81 MP: 14/14
  9005 | D:10     | Reached *** piety under Dithmenos
  9006 | D:10     | Reached skill level 7 in Shields
  9016 | D:10     | Reached skill level 5 in Invocations
  9112 | D:10     | Noticed a two-headed ogre
  9124 | D:10     | Killed a two-headed ogre
  9125 | D:10     | Reached skill level 8 in Shields
  9156 | D:10     | Noticed a two-headed ogre
  9463 | D:9      | Killed a two-headed ogre
  9464 | D:9      | Reached skill level 9 in Shields
  9590 | D:10     | Found Iziyschi's General Store.
  9631 | D:10     | Bought a potion of heal wounds for 65 gold pieces
  9713 | D:10     | Reached skill level 10 in Shields
  9742 | D:10     | Acquired the ring "Axesteg" {rElec rPois MP+9 Str+4 Stlth+}
  9901 | D:10     | Noticed Snorg
 10119 | D:10     | Noticed Grum
 10186 | D:10     | Killed Grum
 10615 | Lair:1   | Entered Level 1 of the Lair of Beasts
 10736 | D:10     | Found a large runed translucent door.
 10738 | D:10     | Found a large runed translucent door.
 12135 | D:11     | Noticed a boulder beetle
 12170 | D:11     | Killed a boulder beetle
 12171 | D:11     | Reached skill level 11 in Shields
 12611 | D:11     | Noticed a skeletal warrior
 12612 | D:11     | Noticed a skeletal warrior
 12612 | D:11     | Noticed a skeletal warrior
 12747 | D:10     | Gained mutation: You are agile. (Dex +4, Str/Int -1)
                  | [potion of mutation]
 12747 | D:10     | Gained mutation: You are partially covered in large bone
                  | plates. (SH +4) [potion of mutation]
 12757 | D:10     | Killed a skeletal warrior
 12851 | D:11     | Noticed a skeletal warrior
 13769 | Lair:1   | Reached skill level 12 in Shields
 13812 | Lair:1   | Reached XP level 12. HP: 94/94 MP: 17/17
 14071 | Lair:1   | Reached **** piety under Dithmenos
 14147 | Lair:2   | Noticed Nergalle
 14316 | Lair:1   | Killed Nergalle
 14317 | Lair:1   | Reached skill level 13 in Shields
 14443 | Lair:2   | Noticed Harold
 14458 | Lair:2   | Killed Harold
 14651 | Lair:2   | Noticed a skyshark
 14980 | Lair:2   | Killed a skyshark
 14981 | Lair:2   | Reached skill level 14 in Shields
 15083 | Lair:2   | Reached skill level 10 in Fighting
 15233 | Lair:2   | Reached skill level 10 in Invocations
 15650 | Lair:2   | Noticed Gastronok
 15704 | Lair:2   | Reached skill level 15 in Shields
 15822 | Lair:2   | Killed Gastronok
 16431 | Lair:3   | Reached XP level 13. HP: 81/104 MP: 20/20
 16617 | Lair:2   | Slain by a culicivora

Illustrated notes

Levels and vault maps discovered:
D:1:      heliophobic_arrival_dark_side_of_the_moon, layout_loops_ring
D:2:      layout_rooms, basic_altar
D:3:      layout_basic, ebering_ghost_gozag, minmay_randomly_rotated_circles
D:4:      layout_basic, grunt_dithmenos_smoke, grunt_ministairs_11,
          amethyst_killhole
D:5:      layout_basic, mainiacjoe_overflow_small_starburst, uniq_eustachio
D:6:      layout_cave_pools, mainiacjoe_overflow_concentric_impassable,
          minmay_temple_entry_purple_smoke, serial_shops,
          nicolae_lakefront_shop, uniq_maggie
D:7:      layout_gridville, grunt_temple_overflow_forces_of_nature,
          minmay_misc_feat_doors
D:8:      layout_cave_pools, overflow_temple_1_default,
          mainiacjoe_overflow_catwalk
D:9:      layout_cave_pods, elyvilon_altar_1, mainiacjoe_overflow_alcove_2,
          erik_lair_orcish_takeover
D:10:     layout_cave_pods, serial_shops, nicolae_shop_waterfront,
          minmay_crystal_room, lightli_elemental_guards, uniq_snorg, uniq_grum
D:11:     layout_stronghold
Lair:1:   layout_cave_pods
Lair:2:   layout_small_grid, lemuel_fruit_tree, uniq_harold, uniq_nergalle,
          uniq_gastronok
Lair:3:   layout_chaotic_city, minmay_shoals_entry_hut,
          hellmonk_spider_entry_life_and_decay, portal_ice_cave_entry_pillars_2,
          patterned_corridor

Skill      XL: |  1  2  3  4  5  6  7  8  9 10 11 12 13 |
---------------+----------------------------------------+-----
Dodging        | 2 |  2.0
Fighting       | 3 4 6 8 10 11 | 11.0
Ranged Weapons | 6 7 8 10 12 14 | 14.0
Invocations    | 4 7 10 | 10.7
Shields        | 6 12 15 | 15.9
Stealth        | |  1.6

Action                     |  1- 3 |  4- 6 |  7- 9 | 10-12 | 13-15 || total
---------------------------+-------+-------+-------+-------+-------++-------
   Fire: Shortbow          |   100 |   187 |   253 |   918 |    68 ||  1526
Ability: Dig               |       |     2 |     2 |     4 |       ||     8
  Evoke: Wand              |       |       |       |    13 |     1 ||    14
    Use: Scroll            |       |     5 |    11 |     4 |     1 ||    21
         Potion            |       |     3 |     4 |     5 |     2 ||    14
 Armour: Leather armour    |    12 |       |       |       |       ||    12
         Ring mail         |     1 |    33 |    48 |    87 |     8 ||   177
  Dodge: Dodged            |    34 |    53 |   127 |   227 |    30 ||   471
  Block: Buckler           |       |       |       |   159 |    39 ||   198

Table legend: (Time is in decaauts)
 A = Elapsed time spent in this place.
 B = Non-inter-level travel time spent in this place.
 C = Inter-level travel time spent in this place.
 D = Time resting spent in this place.
 E = Time spent auto-exploring this place.
 F = Levels seen in this place.
 G = Mean time per level.
                   A        B        C        D        E       F      G
               +--------+--------+--------+--------+--------+-----+--------+
         Total |  16515 |  15310 |   1205 |   1612 |  10596 |  14 | 1179.6 |
       Dungeon |  13046 |  11968 |   1078 |   1116 |   8476 |  11 | 1186.0 |
          Lair |   3469 |   3342 |    127 |    496 |   2120 |   3 | 1156.3 |
               +--------+--------+--------+--------+--------+-----+--------+

Top non-repeatable levels by time:
    D:10: 1909 daAuts
  Lair:2: 1758 daAuts
     D:9: 1667 daAuts
    D:11: 1598 daAuts
  Lair:1: 1556 daAuts
     D:7: 1471 daAuts
     D:5: 1205 daAuts
     D:6: 1100 daAuts
     D:4: 1099 daAuts
     D:3: 897 daAuts
     D:1: 868 daAuts
     D:2: 649 daAuts
     D:8: 579 daAuts
  Lair:3: 154 daAuts
